Workbook

Sheet FORMATO DE COTIZACIÓN 
C10: EMPRESA: | G10: CONTACTO:
C11: CARGO: | G11: E-MAIL:
C12: TEL: | E12: FECHA | G12: CEL:
C14: Nota 1: Diligenciar precios unitarios en las celdas color amarillo
C15: Nota 2: Diligenciar precios sin IVA
C16: Nota 3: La cotización se debe remitir en PESOS COLOMBIANOS.
C17: Nota 4: El valor de los honorarios del personal debe incluir el salario, seguridad social y parafiscales
C19: Macrozonas | E19: 1, 2 3, 4 y 5
C21: Tiempo de ejecución (meses) | E21: 9
C23: PRESONAL ADMINISTRATIVO | F23: CANTIDAD | G23: DEDICACIÓN | H23: VALOR HONORARIOS MENSUALES (NOTA 4) | I23: VALOR TOTAL | K23: 6556362
C24: NACIONAL | D24: Coordinador General | F24: 1 | G24: 1 | I24: =+H24*F24*G24*$E$21 -> 0
D25: Asistente Administrativo | F25: 1 | G25: 1 | I25: =+H25*F25*G25*$E$21 -> 0 | K25: 30
C26: TOTAL PERSONAL ADMINISTRATIVO | I26: =SUM(I24:I25) -> 0
C28: COORDINADORES TECNICOS Y FACILITADORES POR MACROZONA | F28: CANTIDAD | G28: DEDICACIÓN | H28: VALOR HONORARIOS MENSUALES (NOTA 4) | I28: VALOR TOTAL
C29: MACROZONA 1 | D29: Coordinador Tecnico de Macrozona | F29: 1 | G29: 1 | I29: =+H29*F29*G29*$E$21 -> 0
D30: Facilitadores | F30: ='MACROZONAS '!L16 -> 29 | G30: 1 | I30: =+H30*F30*G30*$E$21 -> 0
C31: MACROZONA 2 | D31: Coordinador Tecnico de Macrozona | F31: 1 | G31: 1 | I31: =+H31*F31*G31*$E$21 -> 0
D32: Facilitadores | F32: ='MACROZONAS '!Q16 -> 28 | G32: 1 | I32: =+H32*F32*G32*$E$21 -> 0
C33: MACROZONA 3 | D33: Coordinador Tecnico de Macrozona | F33: 1 | G33: 1 | I33: =+H33*F33*G33*$E$21 -> 0
D34: Facilitadores | F34: ='MACROZONAS '!V16 -> 37 | G34: 1 | I34: =+H34*F34*G34*$E$21 -> 0
C35: MACROZONA 4 | D35: Coordinador Tecnico de Macrozona | F35: 1 | G35: 1 | I35: =+H35*F35*G35*$E$21 -> 0
D36: Facilitadores | F36: ='MACROZONAS '!AA16 -> 21 | G36: 1 | I36: =+H36*F36*G36*$E$21 -> 0
C37: MACROZONA 5 | D37: Coordinador Tecnico de Macrozona | F37: 1 | G37: 1 | I37: =+H37*F37*G37*$E$21 -> 0
D38: Facilitadores | F38: ='MACROZONAS '!AF16 -> 22 | G38: 1 | I38: =+H38*F38*G38*$E$21 -> 0
C39: TOTAL PERSONAL TECNICO | I39: =+SUM(I29:I38) -> 0
C41: COSTOS DE VIATICOS Y DESPLAZAMIENTOS (Nota 2) | D41: MACROZONAS | E41: CANTIDAD DE VISITAS URBANAS | F41: CANTIDAD DE VISITAS RURALES | G41: VALOR UNITARIO VISITAS URBANAS (solo desplazamiento) | H41: VALOR UNITARIO VISITA RURALES (desplazamiento + viaticos) | I41: VALOR TOTAL
C42: MACROZONA 1 | D42: Coordinador Tecnico de Macrozona | E42: ='MACROZONAS '!M21 -> 8 | F42: ='MACROZONAS '!N21 -> 2 | I42: =(E42*G42)+(F42*H42) -> 0
D43: Facilitadores | E43: ='MACROZONAS '!M16 -> 778 | F43: ='MACROZONAS '!N16 -> 230 | I43: =(E43*G43)+(F43*H43) -> 0
C44: MACROZONA 2 | D44: Coordinador Tecnico de Macrozona | E44: ='MACROZONAS '!R21 -> 7 | F44: ='MACROZONAS '!S21 -> 1 | I44: =(E44*G44)+(F44*H44) -> 0
D45: Facilitadores | E45: ='MACROZONAS '!R16 -> 663 | F45: ='MACROZONAS '!S16 -> 152 | I45: =(E45*G45)+(F45*H45) -> 0
C46: MACROZONA 3 | D46: Coordinador Tecnico de Macrozona | E46: ='MACROZONAS '!W21 -> 9 | F46: ='MACROZONAS '!X21 -> 4 | I46: =(E46*G46)+(F46*H46) -> 0
D47: Facilitadores | E47: ='MACROZONAS '!W16 -> 981 | F47: ='MACROZONAS '!X16 -> 362 | I47: =(E47*G47)+(F47*H47) -> 0
C48: MACROZONA 4 | D48: Coordinador Tecnico de Macrozona | E48: ='MACROZONAS '!AB21 -> 5 | F48: ='MACROZONAS '!AC21 -> 3 | I48: =(E48*G48)+(F48*H48) -> 0
D49: Facilitadores | E49: ='MACROZONAS '!AB16 -> 534 | F49: ='MACROZONAS '!AC16 -> 295 | I49: =(E49*G49)+(F49*H49) -> 0
C50: MACROZONA 5 | D50: Coordinador Tecnico de Macrozona | E50: ='MACROZONAS '!AG21 -> 4 | F50: ='MACROZONAS '!AH21 -> 2 | I50: =(E50*G50)+(F50*H50) -> 0
D51: Facilitadores | E51: ='MACROZONAS '!AG16 -> 434 | F51: ='MACROZONAS '!AH16 -> 203 | I51: =(E51*G51)+(F51*H51) -> 0
C52: TOTAL VIATICOS Y TRANSPORTE | I52: =+SUM(I42:I51) -> 0
C54: SUBTOTAL 1 = VALOR PERSONAL + GASTOS DE VIATICOS Y DESPLAZAMIENTO | I54: =+I26+I39+I52 -> 0
C56: ADMINISTRACIÓN Y UTILIDAD (Nota 3) | H56: PORCENTAJE | I56: VALOR TOTAL
C57: Administración | I57: =+I54*H57 -> 0
C58: Utilidad | I58: =+I54*H58 -> 0
C59: TOTAL ADMINISTRACIÓN Y UTILIDAD | I59: =SUM(I57:I58) -> 0
C61: SUB-TOTAL 2 = (SUBTOTAL 1 + ADMINISTRACIÓN Y UTILIDAD) | I61: =+I59+I54 -> 0
C63: IMPUESTOS | H63: PORCENTAJE | I63: TOTAL IMPUESTOS
C64: I.C.A. | F64: CIIU | I64: =+I61*H64 -> 0
C65: I.V.A. | H65: 0.16 | I65: =+I61*H65 -> 0
C66: SUBTOTAL IMPUESTOS | I66: =+SUM(I64:I65) -> 0
C68: VALOR TOTAL | I68: =+I66+I61 -> 0
C70: Notas:
C71: (1) Personal Administrativo y Tecnico : Revisar el documento Ficha Técnica Numeral x para información detallada de la experiencia del personal requerido
C72: (2) Gastos de Viaticos y Transporte : Unicamente se reconocen viaticos para visitas a las zonas rurales.
C73: (3) Administración y Utilidad: Anotar los porcentajes que correspondan a estos dos factores. Con respecto a la Administración, incluir en éste los costos correspondientes a las pólizas para la legalización del contrato, gastos de oficina, papelería, gravamen al impuesto financiero (4 x mil) y demás indirectos relacionados con el contrato.
C74: La presente Cotización incluye todos los costos directos e indirectos en que incurra la empresa contratista durante la ejecución del contrato. Así mismo esta cotización cuenta con las obligaciones tributarias de acuerdo con las normas aplicables para el tipo de servicio y contrato correspondiente y, los costos de las pólizas.
C75: La presente cotización incluye todos los gastos para cumplir cabalmente con el contrato, de acuerdo con las especificaciones de la Ficha Técnica del Servicio.
C76: La presente cotización se remite como parte del estudio de mercado, previo a la contratación, y no implica ninguna obligación de contratar.
F293: 0.16
F294: 0

Sheet MACROZONAS 
A2: REGIONAL | B2: CENTRO ZONAL | C2: PUNTOS DE ENTREGA | D2: MUNICIPIOS | E2: Facilitadores | F2: Urbano | G2: Rural | J2: ZONA 1 | K2: NUMERO DE VISISTAS MENSUAL | L2: FACILITADORES | M2: Visitas Urbanas | N2: Visitas Rurales | O2: ZONA 2 | P2: NUMERO DE VISISTAS MENSUAL | Q2: FACILITADORES | R2: Visitas Urbanas | S2: Visitas Rurales | T2: ZONA 3 | U2: NUMERO DE VISISTAS MENSUAL | V2: FACILITADORES | W2: Visitas Urbanas | X2: Visitas Rurales | Y2: ZONA 4 | Z2: NUMERO DE VISISTAS MENSUAL | AA2: FACILITADORES | AB2: Visitas Urbanas | AC2: Visitas Rurales | AD2: ZONA 5 | AE2: NUMERO DE VISISTAS MENSUAL | AF2: FACILITADORES | AG2: Visitas Urbanas | AH2: Visitas Rurales
A3: AMAZONAS | B3: 1 | C3: 9 | D3: 8 | E3: 1 | F3: 2 | G3: 7 | J3: ATLANTICO | K3: =C6 -> 295 | L3: =E6 -> 4 | M3: =F6 -> 239 | N3: =G6 -> 56 | O3: ANTIOQUIA | P3: =C4 -> 359 | Q3: =E4 -> 12 | R3: =F4 -> 299 | S3: =G4 -> 60 | T3: BOGOTA | U3: =C7 -> 626 | V3: =E7 -> 8 | W3: =F7 -> 626 | X3: 0 | Y3: AMAZONAS | Z3: =C3 -> 9 | AA3: =E3 -> 1 | AB3: =F3 -> 2 | AC3: =G3 -> 7 | AD3: ARAUCA | AE3: =C5 -> 17 | AF3: =E5 -> 2 | AG3: =F5 -> 12 | AH3: =G5 -> 5
A4: ANTIOQUIA | B4: 16 | C4: 359 | D4: 128 | E4: 12 | F4: 299 | G4: 60 | J4: BOLIVAR | K4: =C8 -> 350 | L4: =E8 -> 12 | M4: =F8 -> 281 | N4: =G8 -> 69 | O4: CHOCO | P4: =C15 -> 115 | Q4: =E15 -> 7 | R4: =F15 -> 55 | S4: =G15 -> 60 | T4: BOYACA | U4: =C9 -> 156 | V4: =E9 -> 6 | W4: =F9 -> 35 | X4: =G9 -> 121 | Y4: GUAINIA | Z4: =C18 -> 2 | AA4: =E18 -> 1 | AB4: =F18 -> 2 | AC4: =G18 -> 0 | AD4: CAQUETA | AE4: =C11 -> 31 | AF4: =E11 -> 1 | AG4: =F11 -> 13 | AH4: =G11 -> 18
A5: ARAUCA | B5: 3 | C5: 17 | D5: 7 | E5: 2 | F5: 12 | G5: 5 | J5: CORDOBA | K5: =C16 -> 47 | L5: =E16 -> 2 | M5: =F16 -> 38 | N5: =G16 -> 9 | O5: VALLE DEL CAUCA | P5: =C33 -> 341 | Q5: =E33 -> 9 | R5: =F33 -> 309 | S5: =G33 -> 32 | T5: CALDAS | U5: =C10 -> 119 | V5: =E10 -> 4 | W5: =F10 -> 89 | X5: =G10 -> 30 | Y5: SAN ANDRES | Z5: =C29 -> 12 | AA5: =E29 -> 1 | AB5: =F29 -> 0 | AC5: =G29 -> 12 | AD5: CASANARE | AE5: =C12 -> 44 | AF5: =E12 -> 1 | AG5: =F12 -> 17 | AH5: =G12 -> 27
A6: ATLANTICO | B6: 7 | C6: 295 | D6: 31 | E6: 4 | F6: 239 | G6: 56 | J6: LA GUAJIRA | K6: =C21 -> 24 | L6: =E21 -> 2 | M6: =F21 -> 18 | N6: =G21 -> 6 | T6: CAUCA | U6: =C13 -> 97 | V6: =E13 -> 6 | W6: =F13 -> 64 | X6: =G13 -> 33 | Y6: VAUPES | Z6: =C34 -> 7 | AA6: =E34 -> 1 | AB6: =F34 -> 6 | AC6: =G34 -> 1 | AD6: GUAVIARE | AE6: =C19 -> 47 | AF6: =E19 -> 1 | AG6: =F19 -> 42 | AH6: =G19 -> 5
A7: BOGOTA | B7: 16 | C7: 626 | D7: 19 | E7: 8 | F7: 626 | G7: 0 | J7: MAGDALENA | K7: =C22 -> 279 | L7: =E22 -> 8 | M7: =F22 -> 194 | N7: =G22 -> 85 | T7: CUNDINAMARCA | U7: =C17 -> 185 | V7: =E17 -> 5 | W7: =F17 -> 79 | X7: =G17 -> 106 | Y7: VICHADA | Z7: =C35 -> 14 | AA7: =E35 -> 2 | AB7: =F35 -> 3 | AC7: =G35 -> 11 | AD7: HUILA | AE7: =C20 -> 188 | AF7: =E20 -> 5 | AG7: =F20 -> 133 | AH7: =G20 -> 55
A8: BOLIVAR | B8: 8 | C8: 350 | D8: 47 | E8: 12 | F8: 281 | G8: 69 | J8: SUCRE | K8: =C31 -> 13 | L8: =E31 -> 1 | M8: =F31 -> 8 | N8: =G31 -> 5 | T8: NARIÑO | U8: =C24 -> 72 | V8: =E24 -> 4 | W8: =F24 -> 32 | X8: =G24 -> 40 | Y8: NORTE DE SANTANDER | Z8: =C25 -> 397 | AA8: =E25 -> 6 | AB8: =F25 -> 264 | AC8: =G25 -> 133 | AD8: META | AE8: =C23 -> 124 | AF8: =E23 -> 2 | AG8: =F23 -> 72 | AH8: =G23 -> 52
A9: BOYACA | B9: 13 | C9: 156 | D9: 124 | E9: 6 | F9: 35 | G9: 121 | T9: QUINDIO | U9: =C27 -> 44 | V9: =E27 -> 2 | W9: =F27 -> 16 | X9: =G27 -> 28 | Y9: SANTANDER | Z9: =C30 -> 150 | AA9: =E30 -> 4 | AB9: =F30 -> 65 | AC9: =G30 -> 85 | AD9: PUTUMAYO | AE9: =C26 -> 9 | AF9: =E26 -> 4 | AG9: =F26 -> 7 | AH9: =G26 -> 2
A10: CALDAS | B10: 6 | C10: 119 | D10: 29 | E10: 4 | F10: 89 | G10: 30 | T10: RISARALDA | U10: =C28 -> 44 | V10: =E28 -> 2 | W10: =F28 -> 40 | X10: =G28 -> 4 | Y10: CESAR | Z10: =C14 -> 238 | AA10: =E14 -> 5 | AB10: =F14 -> 192 | AC10: =G14 -> 46 | AD10: TOLIMA | AE10: =C32 -> 177 | AF10: =E32 -> 6 | AG10: =F32 -> 138 | AH10: =G32 -> 39
A11: CAQUETA | B11: 4 | C11: 31 | D11: 16 | E11: 1 | F11: 13 | G11: 18
A12: CASANARE | B12: 3 | C12: 44 | D12: 19 | E12: 1 | F12: 17 | G12: 27
A13: CAUCA | B13: 7 | C13: 97 | D13: 42 | E13: 6 | F13: 64 | G13: 33
A14: CESAR | B14: 5 | C14: 238 | D14: 26 | E14: 5 | F14: 192 | G14: 46
A15: CHOCO | B15: 5 | C15: 115 | D15: 29 | E15: 7 | F15: 55 | G15: 60
A16: CORDOBA | B16: 8 | C16: 47 | D16: 29 | E16: 2 | F16: 38 | G16: 9 | J16: 7 | K16: =SUM(K3:K15) -> 1008 | L16: =SUM(L3:L15) -> 29 | M16: =SUM(M3:M15) -> 778 | N16: =SUM(N3:N15) -> 230 | O16: 2 | P16: =SUM(P3:P15) -> 815 | Q16: =SUM(Q3:Q15) -> 28 | R16: =SUM(R3:R15) -> 663 | S16: =SUM(S3:S15) -> 152 | T16: 12 | U16: =SUM(U3:U15) -> 1343 | V16: =SUM(V3:V15) -> 37 | W16: =SUM(W3:W15) -> 981 | X16: =SUM(X3:X15) -> 362 | Y16: 5 | Z16: =SUM(Z3:Z15) -> 829 | AA16: =SUM(AA3:AA15) -> 21 | AB16: =SUM(AB3:AB15) -> 534 | AC16: =SUM(AC3:AC15) -> 295 | AD16: 7 | AE16: =SUM(AE3:AE15) -> 637 | AF16: =SUM(AF3:AF15) -> 22 | AG16: =SUM(AG3:AG15) -> 434 | AH16: =SUM(AH3:AH15) -> 203
A17: CUNDINAMARCA | B17: 13 | C17: 185 | D17: 116 | E17: 5 | F17: 79 | G17: 106
A18: GUAINIA | B18: 1 | C18: 2 | D18: 1 | E18: 1 | F18: 2 | G18: 0
A19: GUAVIARE | B19: 1 | C19: 47 | D19: 4 | E19: 1 | F19: 42 | G19: 5
A20: HUILA | B20: 5 | C20: 188 | D20: 37 | E20: 5 | F20: 133 | G20: 55 | I20: Visitas mínimas por Coord. Técnico | K20: ZONA 1 | M20: =M16/SUM($M$16:$N$16) -> 0.7718254 | N20: =N16/SUM($M$16:$N$16) -> 0.2281746 | P20: ZONA 2 | R20: =R16/SUM($R$16:$S$16) -> 0.81349693 | S20: =S16/SUM($R$16:$S$16) -> 0.18650307 | U20: ZONA 3 | W20: =W16/SUM($W$16:$X$16) -> 0.73045421 | X20: =X16/SUM($W$16:$X$16) -> 0.26954579 | Z20: ZONA 4 | AB20: =AB16/SUM($AB$16:$AC$16) -> 0.64414958 | AC20: =AC16/SUM($AB$16:$AC$16) -> 0.35585042 | AE20: ZONA 5 | AG20: =AG16/SUM($AG$16:$AH$16) -> 0.68131868 | AH20: =AH16/SUM($AG$16:$AH$16) -> 0.31868132
A21: LA GUAJIRA | B21: 4 | C21: 24 | D21: 13 | E21: 2 | F21: 18 | G21: 6 | I21: 0.01 | K21: =ROUND(K16*$I$21,0) -> 10 | M21: =ROUND(M20*$K21,0) -> 8 | N21: =ROUND(N20*$K21,0) -> 2 | P21: =ROUND(P16*$I$21,0) -> 8 | R21: =ROUND(R20*$P21,0) -> 7 | S21: =ROUND(S20*$P21,0) -> 1 | U21: =ROUND(U16*$I$21,0) -> 13 | W21: =ROUND(W20*$U21,0) -> 9 | X21: =ROUND(X20*$U21,0) -> 4 | Z21: =ROUND(Z16*$I$21,0) -> 8 | AB21: =ROUND(AB20*$Z21,0) -> 5 | AC21: =ROUND(AC20*$Z21,0) -> 3 | AE21: =ROUND(AE16*$I$21,0) -> 6 | AG21: =ROUND(AG20*$AE21,0) -> 4 | AH21: =ROUND(AH20*$AE21,0) -> 2
A22: MAGDALENA | B22: 8 | C22: 279 | D22: 32 | E22: 8 | F22: 194 | G22: 85
A23: META | B23: 4 | C23: 124 | D23: 28 | E23: 2 | F23: 72 | G23: 52
A24: NARIÑO | B24: 8 | C24: 72 | D24: 64 | E24: 4 | F24: 32 | G24: 40 | K24: ='FORMATO DE COTIZACIÓN '!E42+'FORMATO DE COTIZACIÓN '!F42 -> 10 | L24: =K24-K21 -> 0 | P24: ='FORMATO DE COTIZACIÓN '!E44+'FORMATO DE COTIZACIÓN '!F44 -> 8 | Q24: =P24-P21 -> 0 | U24: ='FORMATO DE COTIZACIÓN '!E46+'FORMATO DE COTIZACIÓN '!F46 -> 13 | V24: =U24-U21 -> 0 | Z24: ='FORMATO DE COTIZACIÓN '!E48+'FORMATO DE COTIZACIÓN '!F48 -> 8 | AA24: =Z24-Z21 -> 0 | AE24: ='FORMATO DE COTIZACIÓN '!E50+'FORMATO DE COTIZACIÓN '!F50 -> 6 | AF24: =AE24-AE21 -> 0
A25: NORTE DE SANTANDER | B25: 6 | C25: 397 | D25: 40 | E25: 6 | F25: 264 | G25: 133 | K25: ='FORMATO DE COTIZACIÓN '!E43+'FORMATO DE COTIZACIÓN '!F43 -> 1008 | L25: =K25-K16 -> 0 | P25: ='FORMATO DE COTIZACIÓN '!E45+'FORMATO DE COTIZACIÓN '!F45 -> 815 | Q25: =P25-P16 -> 0 | U25: ='FORMATO DE COTIZACIÓN '!E47+'FORMATO DE COTIZACIÓN '!F47 -> 1343 | V25: =U25-U16 -> 0 | Z25: ='FORMATO DE COTIZACIÓN '!E49+'FORMATO DE COTIZACIÓN '!F49 -> 829 | AA25: =Z25-Z16 -> 0 | AE25: ='FORMATO DE COTIZACIÓN '!E51+'FORMATO DE COTIZACIÓN '!F51 -> 637 | AF25: =AE25-AE16 -> 0
A26: PUTUMAYO | B26: 4 | C26: 9 | D26: 8 | E26: 4 | F26: 7 | G26: 2
A27: QUINDIO | B27: 3 | C27: 44 | D27: 12 | E27: 2 | F27: 16 | G27: 28
A28: RISARALDA | B28: 7 | C28: 44 | D28: 17 | E28: 2 | F28: 40 | G28: 4
A29: SAN ANDRES | B29: 1 | C29: 12 | D29: 2 | E29: 1 | F29: 0 | G29: 12
A30: SANTANDER | B30: 9 | C30: 150 | D30: 89 | E30: 4 | F30: 65 | G30: 85
A31: SUCRE | B31: 2 | C31: 13 | D31: 5 | E31: 1 | F31: 8 | G31: 5
A32: TOLIMA | B32: 9 | C32: 177 | D32: 45 | E32: 6 | F32: 138 | G32: 39
A33: VALLE DEL CAUCA | B33: 13 | C33: 341 | D33: 45 | E33: 9 | F33: 309 | G33: 32
A34: VAUPES | B34: 1 | C34: 7 | D34: 3 | E34: 1 | F34: 6 | G34: 1
A35: VICHADA | B35: 1 | C35: 14 | D35: 4 | E35: 2 | F35: 3 | G35: 11
A36: Total | B36: 202 | C36: 4632 | D36: 1119 | E36: 137 | F36: 3390 | G36: 1242

Sheet INFORMACIÓN FINANCIERA
A1: República de Colombia Instituto Colombiano de Bienestar Familiar Cecilia de la Fuente de Lleras Dirección de Logística y Abastecimiento
A3: FOTMATO INFORMACIÓN FINANCIERA PARA ESTUDIOS DE MERCADO
A6: EMPRESA | G6: NIT
A7: CIIU | D7: CONTACTO
A8: CARGO | G8: TELEFONO
A9: CELULAR | D9: EMAIL
A10: RUP | B10: SE ENCUENTRA INSCRITO EN EL RUP? | F10: SI | H10: NO
A12: Instrucciones para diligenciar este Anexo:
A13: 1. Diligenciar todos los indicadores con información con corte a diciembre 31 de 2011
A14: 2. Diligenciar los campos en amarillo.
A16: Información Financiera con corte a diciembre 31 de 2011 (De acuerdo con el Decreto 734 de 2012)
A18: Indicador | B18: Descripción | H18: Indicador
A19: Patrimonio | B19: Patrimonio total | I19: En pesos
A20: Capital real del proponente | B20: Capital social efectivamente pagado más las reservas constituidas, más las utilidades retenidas, más las utilidades del ejercicio. | I20: En pesos
A21: Liquidez | B21: Activo corriente sobre pasivo corriente | I21: Veces
A22: Nivel de endeudamiento | B22: Pasivo total sobre activo total | I22: Porcentaje
A23: Capital de trabajo | B23: Activo corriente menos pasivo corriente | I23: En pesos
A24: Indicador de Riesgo | B24: Activos fijos sobre el patrimonio neto | I24: Porcentaje
A25: EBITDA | B25: Utilidad operacional más depreciaciones y amortizaciones. | I25: En pesos
A26: Crecimiento EBITDA | B26: EBITDA del último año (2011) sobre el EBITDA del año inmediatamente anterior (2010) | I26: Porcentaje
A27: Rotación del inventario | B27: Costos de ventas sobre inventario | I27: Veces
A28: Ingresos brutos operacionales | I28: En pesos
A30: Nota: La inscripción en el RUP es requisito indispensable para participar en procesos de selección, pero NO lo es para cotizar en el estudio de mercado. La información sobre inscripción en el RUP la encuentra en el Decreto 734 de 2012 y en página web de la cámara de comercio de Bogotá.

Sheet POLIZAS
B9: CONCEPTOS A TENER EN CUENTA
B12: El presente cuadro es de carácter informativo, no se debe diligenciar. Sin embargo se entiende que la cotización incluye la totalidad de los conceptos relacionados a continuación.
B14: POLIZAS PARA LEGALIZACIÓN DEL CONTRATO
B16: CONCEPTO | D16: COBERTURA | E16: PLAZO (En Meses)
B17: Garantía de Seriedad de la oferta | D17: 0.1 | E17: Plazo de Ejecución
B18: Cumplimiento | D18: 0.2 | E18: Plazo de ejecución + 4 meses mas
B19: Salarios, Prestaciones | D19: 0.1 | E19: Plazo de ejecución + 36 meses mas
B20: Calidad de los Servicios | D20: 0.2 | E20: Plazo de ejecución + 4 meses mas
B21: Responsabilidad civil extracontraactual | D21: 0.1 | E21: Plazo de Ejecución
B23: El valor a cubrir corresponde al costo total del servicio
